 Dungeon Crawl Stone Soup version 0.27.1-4-g1640c2035a (webtiles) character file.

Game seed: 13206729633417508395

637 pkoi the Grave Robber (level 7, -2/50 HPs)
             Began as a Purple Draconian Necromancer on Nov 11, 2021.
             Was a Follower of Dithmenos.
             Slain by Pikel (4 damage)
             ... on level 5 of the Dungeon.
             The game lasted 00:07:17 (5467 turns).

pkoi the Grave Robber (DrNe)                        Turns: 5467, Time: 00:07:17

Health: -2/50      AC:  6    Str: 17    XL:     7   Next: 25%
Magic:  12/12      EV: 12    Int: 17    God:    Dithmenos [*.....]
Gold:   179        SH:  0    Dex: 17    Spells: 5/13 levels left

rFire    . . .     SeeInvis .   d - +2 short sword (spect)
rCold    . . .     Faith    .   (no shield)
rNeg     . . .     Spirit   .   (armour unavailable)
rPois    .         Reflect  .   (helmet restricted)
rElec    .         Harm     .   (no cloak)
rCorr    .         Rampage  .   (no gloves)
Will     +....                  (no boots)
Stlth    ++........             s - amulet of regeneration
HPRegen  1.16/turn              t - +6 ring of strength
MPRegen  0.13/turn              r - +6 ring of dexterity

@: slowed, wreathed by umbra, very slow
A: breathe power, AC +6, unfitting armour, cold-blooded
a: Breathe Dispelling Energy, Renounce Religion


You were on level 5 of the Dungeon.
You worshipped Dithmenos.
Dithmenos was aware of your devotion.
You visited 1 branch of the dungeon, and saw 5 of its levels.

You collected 179 gold pieces.

Inventory:

Hand Weapons
 d - a +2 spectral short sword (weapon)
Missiles
 a - 44 poisoned darts
Jewellery
 m - a ring of fire
 n - a ring of wizardry
 r - a +6 ring of dexterity (right hand)
 s - an amulet of regeneration (around neck)
 t - a +6 ring of strength (left hand)
Wands
 u - a wand of flame (6)
Scrolls
 c - a scroll of silence {unknown}
 i - 2 scrolls of identify
Potions
 b - 2 potions of heal wounds {unknown}
 e - a potion of flight
 f - 3 potions of curing {unknown}
 j - a potion of invisibility {unknown}
 k - a potion of haste {unknown}
 o - a potion of cancellation {unknown}
 p - a potion of degeneration {unknown}
 q - a potion of lignification {unknown}
 w - a potion of ambrosia {unknown}


   Skills:
 - Level 1.7 Dodging
 - Level 1.7 Stealth
 * Level 5.4 Unarmed Combat
 + Level 3.8 Spellcasting
 + Level 0.0 Hexes
 + Level 5.4 Necromancy
 + Level 2.6 Translocations
 + Level 0.0 Ice Magic


You had 5 spell levels left.
You knew the following spells:

 Your Spells              Type           Power      Damage    Failure   Level
a - Pain                  Necr           84%        1d8       1%          1
b - Vampiric Draining     Necr           10%        2d7       4%          3
c - Blink                 Tloc           N/A        N/A       9%          2
d - Ensorcelled Hibernat  Hex/Ice        6%         N/A       24%         2

Your spell library contained the following spells:

 Spells                   Type           Power      Damage    Failure   Level
 Animate Skeleton         Necr           42%        N/A       1%          1
 Corona                   Hex            3%         N/A       16%         1
 Magic Dart               Conj           12%        1d3       16%         1
 Lesser Beckoning         Tloc           6%         N/A       17%         3
 Animate Dead             Necr           10%        N/A       17%         4
 Call Imp                 Summ           3%         N/A       24%         2
 Mephitic Cloud           Conj/Pois/Air  3%         N/A       43%         3
 Tukima's Dance           Hex            3%         N/A       43%         3
 Agony                    Necr           21%        N/A       43%         5
 Passage of Golubria      Tloc           N/A        N/A       50%         4
 Manifold Assault         Tloc           12%        N/A       83%         5
 Yara's Violent Unravell  Hex/Tmut       1%         3d3       99%         5


Dungeon Overview and Level Annotations

Branches:
Dungeon (5/15)
 Temple: D:4-7

Altars:
Dithmenos
Fedhas
Makhleb
Okawaru
Zin

Shops:
D:3 ?

Annotations:
D:4 2 transporters, FancyManDan's ghost, novice DsAK; Grinder
D:5 Pikel


Innate Abilities, Weirdness & Mutations

You can breathe bolts of dispelling energy.
Your rich purple scales are hard. (AC +6)
You cannot fit into any form of body armour.
You are cold-blooded and may be slowed by cold attacks.


Message History

Pikel freezes you.
You hit Pikel but do no damage.
Your tail-slap misses Pikel.
Pikel is moderately wounded.
Your +2 spectral short sword hits Pikel.
Pikel hits your +2 spectral short sword but does no damage.
The lemure closely misses your +2 spectral short sword.
Pikel hits your +2 spectral short sword with a +0 whip of freezing!
Your spectral weapon shares its damage with you!
Pikel freezes your +2 spectral short sword.
You barely miss Pikel.
Pikel is heavily wounded.
Your +2 spectral short sword barely misses Pikel.
Your +2 spectral short sword fades away.
Pikel drinks a potion.
Pikel seems to grow stronger.
Unknown command.
You closely miss Pikel.
Pikel is heavily wounded.
The lemure closely misses you.
Pikel says, "You'll feel the lick of my whip!"
Pikel hits you with a +0 whip of freezing!
You feel yourself slow down. Pikel freezes you.
Unknown command.
You hit Pikel.
Pikel is heavily wounded.
The lemure misses you.
Pikel hits you with a +0 whip of freezing.
You feel as though you will be slow longer.
Pikel freezes you. The lemure barely misses you.
Unknown command.
Pikel closely misses you.
You hit Pikel but do no damage. You tail-slap Pikel, but do no damage.
Pikel is heavily wounded.
The lemure misses you.
Pikel hits you with a +0 whip of freezing!!
* * * LOW HITPOINT WARNING * * *
You feel as though you will be slow longer.
Pikel freezes you!
* * * LOW HITPOINT WARNING * * *
Pikel hits you with a +0 whip of freezing.
You die...

#...........5...##...
###>........K.....# .#.
#........###..###...##
##.###).##...###......
###<###.)......##...##.
#.......##.##..###.##
#.##.##5#...#..' ..
#.#...#K5$.....## .#
#.....@5....#..
#..#...##.#.##...
##.##... .#... .# .
....#... .## #
#.##.#.##. . ... ... .
. .. ##. .....# .. ^#
#. ...#.##.##.
##.##......


You could see Pikel (strong) and 3 lemures.

Vanquished Creatures
  Sigmund (D:5)
  An ogre (D:5)
  A lemure (D:5)
  A scorpion (D:4)
  A hound (D:4)
  2 orc priests (D:4)
  Ijyb (D:5)
  2 orc wizards
  8 adders
  An adder skeleton (D:4)
  2 worms
  7 orcs
  8 bats
  5 endoplasms
  5 goblins
  5 hobgoblins
  4 jackals (D:1)
  10 kobolds
  4 quokkas
  6 ball pythons
  2 frilled lizards (D:3)
  7 rats
84 creatures vanquished.

Vanquished Creatures (others)
  19 plants (D:2)
  9 toadstools (D:5)
28 creatures vanquished.

Grand Total: 112 creatures vanquished

Notes
Turn   | Place    | Note
-------+----------+-------------------------------------------
     0 | D:1      | pkoi the Draconian Necromancer began the quest for the Orb.
     0 | D:1      | Reached XP level 1. HP: 14/14 MP: 3/3
    88 | D:1      | Reached skill level 1 in Unarmed Combat
   372 | D:1      | Reached XP level 2. HP: 16/20 MP: 0/5
  1388 | D:1      | Found a faded altar of an unknown god.
  1561 | D:2      | Reached XP level 3. HP: 25/26 MP: 4/6
  1581 | D:2      | Learned a level 3 spell: Vampiric Draining
  2207 | D:2      | Reached XP level 4. HP: 29/33 MP: 2/7
  2837 | D:3      | Found Vodew's Magic Scroll Emporium.
  2942 | D:3      | Learned a level 2 spell: Blink
  3022 | D:3      | Found a shadowy altar of Dithmenos.
  3023 | D:3      | Found a blossoming altar of Fedhas.
  3024 | D:3      | Found an iron altar of Okawaru.
  3025 | D:3      | Found a glowing silver altar of Zin.
  3050 | D:3      | Became a worshipper of Dithmenos the Shadowed
  3319 | D:3      | Reached XP level 5. HP: 33/38 MP: 6/8
  3906 | D:3      | You fall into a shaft and drop 1 floor!
  4092 | D:4      | Reached skill level 1 in Translocations
  4396 | D:4      | Reached skill level 5 in Necromancy
  4606 | D:4      | Noticed Grinder
  4782 | D:5      | Entered Level 5 of the Dungeon
  4782 | D:5      | Noticed Ijyb
  4795 | D:5      | Killed Ijyb
  4796 | D:5      | Reached XP level 6. HP: 14/45 MP: 0/9
  4999 | D:4      | Noticed an orc warrior
  5065 | D:4      | Found a transporter.
  5068 | D:4      | Found a transporter.
  5068 | D:4      | Noticed FancyManDan's ghost (novice DsAK)
  5071 | D:4      | Identified the +6 dire flail of Abomination {elec, Fly
                  | Int+3}
  5134 | D:4      | Reached * piety under Dithmenos
  5389 | D:5      | Noticed Sigmund
  5397 | D:5      | Killed Sigmund
  5398 | D:5      | Reached skill level 5 in Unarmed Combat
  5398 | D:5      | Your scales start taking on a rich purple colour.
  5398 | D:5      | Reached XP level 7. HP: 47/50 MP: 12/12
  5405 | D:5      | Learned a level 2 spell: Ensorcelled Hibernation
  5416 | D:5      | Found a burning altar of Makhleb.
  5439 | D:5      | Noticed Pikel
  5467 | D:5      | HP: 2/50 [Pikel (9)]
  5467 | D:5      | Slain by Pikel

Illustrated notes

Levels and vault maps discovered:
D:1:      minmay_arrival_stone_box, layout_rooms,
          dreamdust_ecumenical_altar_angels_and_demons, st_stairs_14
D:2:      layout_basic, serial_bayou_lagoon_a
D:3:      layout_basic, mainiacjoe_overflow_alcove_3, serial_shops,
          nicolae_shop_statue_plus
D:4:      layout_loops_corners, gammafunk_ghost_smash, nrook_uturn, uniq_grinder
D:5:      cheibrodos_fertilizer, layout_basic,
          mainiacjoe_overflow_small_starburst,
          mainiacjoe_overflow_cross_hatched, hangedman_decor_clover_reticule,
          water_maze_lemuel, uniq_pikel, uniq_ijyb, uniq_sigmund

Skill      XL: |  1  2  3  4  5  6 |
---------------+-------------------+-----
Unarmed Combat | 1 2 3 4 5 |  5.4
Translocations | 1 2 |  2.6
Necromancy     | 5 |  5.4
Spellcasting   | 3 |  3.8
Dodging        | |  1.7
Stealth        | |  1.7

Action                   |  1- 3 |  4- 6 |  7- 9 || total
-------------------------+-------+-------+-------++-------
Melee: Unarmed           |    31 |       |       ||    31
       Tailslap          |     9 |     4 |     4 ||    17
       Short sword       |    29 |    83 |    20 ||   132
       Punch             |       |     2 |       ||     2
 Cast: Pain              |    47 |    68 |       ||   115
       Vampiric Draining |     1 |     2 |       ||     3
  Use: Scroll            |       |     7 |       ||     7
 Stab: Sleeping          |       |     2 |       ||     2
Armor: Skin              |    15 |    29 |     1 ||    45
Dodge: Dodged            |    47 |    60 |     7 ||   114
